 Dungeon Crawl Stone Soup version 0.27-a0-1196-g3e9cee4cb2 (webtiles) character file.

Game seed: 14049767528022227703

97 polve the Ruffian (level 4, -9/35 HPs)
             Began as a Demonspawn Abyssal Knight on May 28, 2021.
             Was a Believer of Lugonu.
             Mangled by Ijyb
             ... wielding a +7 club
              (10 damage)
             ... on level 2 of the Dungeon.
             The game lasted 00:03:14 (2703 turns).

polve the Ruffian (Demonspawn Abyssal Knight)       Turns: 2703, Time: 00:03:14

Health: -9/35      AC: 11    Str: 13    XL:     4   Next: 42%
Magic:  5/5        EV:  3    Int: 14    God:    Lugonu [**....]
Gold:   137        SH:  0    Dex: 12    Spells: 3/3 levels left

rFire    + . .     SeeInvis .     - Unarmed
rCold    . . .     Faith    +   (no shield)
rNeg     . . .     Spirit   .   d - +0 plate armour
rPois    .         Reflect  .   c - +0 helmet
rElec    .         Harm     .   (no cloak)
rCorr    .         Rampage  .   (no gloves)
Will     .....                  (no boots)
Stlth    ..........             f - amulet of faith
HPRegen  0.11/turn              e - ring of protection from fire
MPRegen  0.09/turn              (no ring)

@: no status effects
A: hooves 2
a: Renounce Religion, Depart the Abyss, Bend Space


You were on level 2 of the Dungeon.
You worshipped Lugonu.
Lugonu was pleased with you.
You visited 1 branch of the dungeon, and saw 3 of its levels.
You visited the Abyss 1 time.

You collected 137 gold pieces.

Inventory:

Hand Weapons
 a - a +1 short sword
Armour
 c - a +0 helmet (worn)
 d - a +0 plate armour (worn)
Jewellery
 e - a ring of protection from fire (left hand)
 f - an amulet of faith (around neck)
Scrolls
 b - a scroll of torment {unknown}
 g - a scroll of enchant armour {unknown}
 i - a scroll of immolation {unknown}
 j - a scroll of identify {unknown}
 k - a scroll of brand weapon {unknown}
 m - a scroll of fog {unknown}


   Skills:
 - Level 3.0 Fighting
 - Level 2.5 Short Blades
 - Level 1.7 Armour
 - Level 0.8 Dodging
 + Level 3.2 Unarmed Combat
 - Level 2.4 Invocations


You had 3 spell levels left.
You didn't know any spells.
Your spell library was empty.

Dungeon Overview and Level Annotations

Branches:
Dungeon (3/15)

Altars:

Annotations:
D:2 Ijyb


Innate Abilities, Weirdness & Mutations

You have hoof-like feet.


Message History

Ijyb is nearby!
Ijyb is nearby!
Ijyb shouts!
You hit Ijyb.
Ijyb is lightly wounded.
Ijyb barely misses you.
You closely miss Ijyb. You kick Ijyb, but do no damage.
Ijyb is lightly wounded.
Ijyb hits you with a +7 club.
You hit Ijyb. Your punch misses Ijyb.
Ijyb is lightly wounded.
Ijyb hits you with a +7 club.
You hit Ijyb.
Ijyb is lightly wounded.
Ijyb hits you but does no damage.
You hit Ijyb but do no damage. Your punch misses Ijyb.
Ijyb is lightly wounded.
Ijyb hits you with a +7 club.
You closely miss Ijyb. You kick Ijyb.
Ijyb is moderately wounded.
Your plate armour prevents you from hitting Ijyb.
Ijyb is moderately wounded.
Ijyb hits you with a +7 club.
You hit Ijyb.
Ijyb is heavily wounded.
Ijyb hits you with a +7 club!
* * * LOW HITPOINT WARNING * * *
You hit Ijyb. You kick Ijyb.
Ijyb is severely wounded.
Ijyb hits you with a +7 club.
* * * LOW HITPOINT WARNING * * *
You hit Ijyb but do no damage.
Ijyb is severely wounded.
Ijyb hits you with a +7 club.
* * * LOW HITPOINT WARNING * * *
You aren't carrying any potions.
You hit Ijyb but do no damage. You kick Ijyb, but do no damage.
Ijyb is severely wounded.
Ijyb hits you with a +7 club!
You die...

.............+.....+....#.##.####
..##.........#.....#......##.....
..........................#######
....#+#.[.................#..(...
..#.#+#.#+#+#####.........##.###(
..#.......#..................# #.
..#.......#........#......######.
........#.#.#...#..#.............
..#.............@g......#.#######
#).....##.########......#.#
.......##...........>...#.#
.......###..........#...#g#
#........#..........#.###g#
..##.....#..........#.# #.#
..##.....#..........#.# #g#
.........#........g.#'###)#
.........#................#


You could see Ijyb.

Vanquished Creatures
  3 gnolls (D:2)
  An adder (D:2)
  A worm (D:2)
  A dart slug (D:3)
  5 orcs (D:3)
  3 ball pythons (D:1)
  An endoplasm (D:1)
  3 giant cockroaches
  6 goblins
  6 hobgoblins
  3 quokkas
  4 bats
  3 frilled lizards
  4 kobolds
  3 rats
47 creatures vanquished.

Notes
Turn   | Place    | Note
-------+----------+-------------------------------------------
     0 | Abyss:1  | polve the Demonspawn Abyssal Knight began the quest for the
                  | Orb.
     0 | Abyss:1  | Reached XP level 1. HP: 18/18 MP: 2/2
    64 | Abyss:1  | Noticed a quasit
    75 | D:1      | Escaped the Abyss
   540 | D:1      | Gained mutation: You have large cloven feet. [demonic
                  | ancestry]
   540 | D:1      | Reached XP level 2. HP: 24/24 MP: 3/3
   589 | D:1      | Reached * piety under Lugonu
   874 | D:1      | Reached skill level 1 in Unarmed Combat
  1236 | D:2      | Gained mutation: You have hoof-like feet. [demonic
                  | ancestry]
  1236 | D:2      | Reached XP level 3. HP: 29/29 MP: 4/4
  1865 | D:3      | Reached ** piety under Lugonu
  1866 | D:3      | Reached XP level 4. HP: 34/35 MP: 5/5
  1963 | D:3      | Noticed Ijyb
  2702 | D:2      | HP: 1/35 [Ijyb/+7 club (3)]
  2703 | D:2      | Mangled by Ijyb

Illustrated notes

Levels and vault maps discovered:
D:1:      dpeg_arrival_round_b, layout_basic, kennysheep_small_spiral,
          minivault_23
D:2:      layout_basic, kennysheep_generic_room_16
D:3:      kennysheep_the_goblin_king, layout_basic, gammafunk_ghost_grave,
          minivault_11, kennysheep_generic_room_10

Skill      XL: |  1  2  3  4 |
---------------+-------------+-----
Short Blades   | 2 |  2.5
Unarmed Combat | 1 2 3 |  3.2
Fighting       | |  3.0
Armour         | |  1.7
Dodging        | |  0.8
Invocations    | |  2.4

Action                   |  1- 3 |  4- 6 || total
-------------------------+-------+-------++-------
Melee: Short sword       |   140 |    38 ||   178
       Kick              |    17 |     9 ||    26
       Punch             |     1 |       ||     1
       Unarmed           |       |    11 ||    11
Invok: Depart the Abyss  |     1 |       ||     1
       Bend Space        |       |     1 ||     1
  Use: Potion            |     2 |     1 ||     3
Armor: Plate armour      |   111 |    26 ||   137
       Leather armour    |     9 |       ||     9
Dodge: Dodged            |    23 |     7 ||    30

Table legend: (Time is in decaauts)
 A = Elapsed time spent in this place.
 B = Non-inter-level travel time spent in this place.
 C = Inter-level travel time spent in this place.
 D = Time resting spent in this place.
 E = Time spent auto-exploring this place.
 F = Levels seen in this place.
 G = Mean time per level.
                   A        B        C        D        E       F      G
               +--------+--------+--------+--------+--------+-----+--------+
         Total |   2683 |   2608 |     75 |      0 |   2111 |   4 |  670.8 |
       Dungeon |   2609 |   2534 |     75 |      0 |   2054 |   3 |  869.7 |
         Abyss |     74 |     74 |      0 |      0 |     57 |   1 |   74.0 |
               +--------+--------+--------+--------+--------+-----+--------+

Top non-repeatable levels by time:
     D:1: 1592 daAuts
     D:2: 522 daAuts
     D:3: 494 daAuts
 Abyss:1: 74 daAuts
